 Dungeon Crawl Stone Soup version 0.19.1-1-g22dce08 (webtiles) character file.

152 Jynx the Conjurer (level 5, 0/28 HPs)
             Began as a Deep Elf Conjurer on Jan 10, 2017.
             Killed by nerve-wracking pain
             ... invoked by an orc priest
              (10 damage)
             ... on level 4 of the Dungeon.
             The game lasted 00:04:30 (2908 turns).

Jynx the Conjurer (Deep Elf Conjurer)               Turns: 2908, Time: 00:04:31

Health: 0/28       AC:  7    Str:  5    XL:     5   Next: 11%
Magic:  1/14       EV: 13    Int: 21    God:
Gold:   162        SH:  0    Dex: 15    Spells: 1 memorised, 12 levels left

rFire  . . .     SeeInvis .     n - +0 short sword (venom)
rCold  . . .     Gourm    .     a - +1 robe
rNeg   . . .     Faith    .     (no shield)
rPois  .         Spirit   .     (no helmet)
rElec  .         Reflect  .     t - +2 cloak
rCorr  .         Harm     .     f - +0 pair of gloves (curse)
MR     .....                    (no boots)
Stlth  ++........               (no amulet)
                                (no ring)
                                (no ring)

@: very slightly contaminated
A: no striking features
a: no special abilities


You were on level 4 of the Dungeon.
You were not hungry.

You visited 1 branch of the dungeon, and saw 4 of its levels.

You collected 162 gold pieces.

Inventory:

Hand Weapons
 n - a +0 short sword of venom (weapon)
Armour
 a - a +1 robe (worn)
 f - a cursed +0 pair of gloves (worn)
 t - a +2 cloak (worn)
Wands
 k - a wand of lightning (15/15)
 q - a wand of acid (4/15)
Scrolls
 e - 7 scrolls of identify
 g - 2 scrolls of teleportation
 i - a scroll of recharging
 l - a scroll of amnesia
 r - a scroll of enchant armour
Potions
 j - a potion of lignification
 o - a potion of curing
 p - a potion of degeneration
Books
 b - a book of Conjurations

   Spells                             Type                      Level
   a - Magic Dart                     Conjuration                  1
   b - Searing Ray                    Conjuration                  2
   c - Dazzling Spray                 Conjuration/Hexes            3
   d - Fulminant Prism                Conjuration/Hexes            4
   e - Iskenderun's Mystic Blast      Conjuration                  4
   f - Iskenderun's Battlesphere      Conjuration/Charms           5
Comestibles
 c - 6 bread rations
 d - 2 chunks of flesh
 h - 3 meat rations
 m - a beef jerky


   Skills:
 - Level 2.4 Dodging
 - Level 2.4 Stealth
 + Level 4.7 Spellcasting
 * Level 6.3 Conjurations


You had 12 spell levels left.
You knew the following spells:

 Your Spells              Type           Power        Failure   Level  Hunger
a - Magic Dart            Conj           ####         1%          1    None


Dungeon Overview and Level Annotations

Branches:
Dungeon (4/15)
 Temple: D:4-7

Altars:
Cheibriados
Elyvilon
Fedhas
Nemelex Xobeh
Okawaru
Ru
Yredelemnul

Shops:
D:4 }


Message History

The magic dart hits the orc priest.
The orc priest is heavily wounded.
The orc priest hits you but does no damage.
The orc completely misses you.
Casting: Magic Dart
Confirm with . or Enter, or press ? or * to list all spells.
You don't have enough magic to cast that spell.
Casting: Magic Dart
Confirm with . or Enter, or press ? or * to list all spells.
You don't have enough magic to cast that spell.
You feel better. The orc priest barely misses you.
You closely miss the orc priest.
The orc priest is heavily wounded.
The orc hits you with a mace. The orc priest misses you.
You hit the orc priest.
The orc priest looks even sicker.
The orc priest is severely wounded.
The orc misses you.
The orc priest mumbles some strange prayers to Beogh against you.
Pain shoots through your body!
You die...

.# ....#...o> .#..
..PoPo###
.#.#######PPoo..a.
.#.#.......Po.P#
.#.#.####.PPoPP#
.#.#.# #..PP..#
.#.#∩# ######.# #
.#.#.#########†###.#
.#.............o@o.#
.###.###############
####.# .....# ######


You could see an orc priest and an orc.

Vanquished Creatures
  A worker ant (D:4)
  A gnoll (D:1)
  4 adders
  2 oozes
  3 worms
  3 leopard geckos
  4 orcs (D:4)
  A ball python (D:3)
  5 giant cockroaches
  10 goblins
  4 hobgoblins
  2 jackals (D:1)
  A quokka (D:2)
  5 bats
  3 frilled lizards
  6 kobolds
  9 rats
64 creatures vanquished.

Vanquished Creatures (others)
  A fungus (D:4)
1 creature vanquished.

Grand Total: 65 creatures vanquished

Notes
Turn   | Place    | Note
-------+----------+-------------------------------------------
     0 | D:1      | Jynx the Deep Elf Conjurer began the quest for the Orb.
     0 | D:1      | Reached XP level 1. HP: 10/10 MP: 6/6
   301 | D:1      | Reached XP level 2. HP: 15/15 MP: 5/8
   405 | D:1      | Reached skill level 5 in Conjurations
   808 | D:1      | Reached XP level 3. HP: 19/19 MP: 7/10
  1319 | D:2      | Found a sparkling altar of Nemelex Xobeh.
  1530 | D:2      | Reached XP level 4. HP: 24/24 MP: 6/12
  1685 | D:2      | Found a sparkling altar of Nemelex Xobeh.
  1772 | D:2      | Found a faded altar of an unknown god.
  1772 | D:2      | Found a basalt altar of Yredelemnul.
  1777 | D:2      | Found a faded altar of an unknown god.
  1779 | D:2      | Found a sacrificial altar of Ru.
  1781 | D:2      | Found a snail-covered altar of Cheibriados.
  2011 | D:3      | Found an iron altar of Okawaru.
  2346 | D:3      | Reached skill level 6 in Conjurations
  2362 | D:3      | Found a white marble altar of Elyvilon.
  2574 | D:3      | Found a faded altar of an unknown god.
  2841 | D:4      | Found Teumn's Gadget Shop.
  2856 | D:4      | Found a blossoming altar of Fedhas.
  2884 | D:4      | Reached XP level 5. HP: 28/28 MP: 8/14
  2908 | D:4      | Killed from afar by an orc priest

Skill      XL: |  1  2  3  4 |
---------------+-------------+-----
Conjurations   | 5 6 |  6.3
Spellcasting   | 4 |  4.7
Dodging        | |  2.4
Stealth        | |  2.4

Action                   |  1- 3 |  4- 6 || total
-------------------------+-------+-------++-------
Melee: Short sword       |       |     6 ||     6
 Cast: Magic Dart        |    90 |    77 ||   167
  Use: Scroll            |       |     9 ||     9
       Potion            |       |     1 ||     1
  Eat: Chunk             |     1 |     5 ||     6
Armor: Robe              |     3 |     2 ||     5
Dodge: Dodged            |     9 |    17 ||    26
